 Dungeon Crawl Stone Soup version bcrawl-1.14 (webtiles) character file.

Game seed: 12812104321026177878

2754 MisterOstroum the Destroyer (level 9, -4/74 HPs)
             Began as a Djinni Conjurer on Sept 6, 2019.
             Killed from afar by an orc wizard (5 damage)
             ... with a puff of flame
             ... on level 7 of the Dungeon.
             The game lasted 00:15:28 (7755 turns).

MisterOstroum the Destroyer (Djinni Conjurer)       Turns: 7755, Time: 00:15:28

Health: -4/74      AC:  6    Str: 12    XL:     9   Next: 41%
Magic:  0/17       EV: 14    Int: 20    God:
Gold:   287        SH:  0    Dex: 11    Spells: 7/18 levels left

rFire    . . .     SeeInvis .   d - +0 whip (freeze)
rCold    . . .     Gourm    .   (no shield)
rNeg     . . .     Faith    .   a - +0 robe
rPois    .         Spirit   .   c - +2 helmet
rElec    .         Reflect  .   o - +0 cloak (curse)
rCorr    .         Harm     .   (no gloves)
MR       .....     Rnd*Rage +   (boots unavailable)
Stlth    ++........             (no amulet)
HPRegen  0.22/turn              (no ring)
MPRegen  0.15/turn              (no ring)

@: lethally poisoned (-4 -> -5), flying, very slightly contaminated
A: never pass out, berserk 2, blink, blurry vision 2, wild magic 3, MP-powered
wands, floating
a: Blink


You were on level 7 of the Dungeon.
You were not hungry.

You visited 1 branch of the dungeon, and saw 7 of its levels.

You collected 374 gold pieces.
You spent 87 gold pieces at shops.

Inventory:

Hand Weapons
 d - a +0 whip of freezing (weapon)
 g - a +0 short sword
 k - a +2 dagger of holy wrath
Missiles
 b - 1542 stones (quivered)
 u - 217 tomahawks
 A - a throwing net {!f!f}
Armour
 a - a +0 robe (worn)
 c - a +2 helmet (worn)
 o - a cursed +0 cloak (worn)
 C - a +0 shield
Jewellery
 f - a +1 ring of evasion {unknown}
 i - a +2 amulet of reflection {unknown}
Wands
 q - a wand of iceblast (11)
 y - a wand of scattershot (5)
Scrolls
 h - 8 scrolls of identify {unknown}
 j - 2 scrolls of immolation {unknown}
 l - 6 scrolls of teleportation {@r3 !r}
 m - 3 scrolls of remove curse
 n - a scroll of fear {unknown}
 s - 2 scrolls of magic mapping {unknown}
 D - a scroll of enchant armour {unknown}
 F - 4 scrolls of blinking {unknown}
 G - a scroll of amnesia {unknown}
Potions
 p - 3 potions of curing {unknown}
 r - a potion of berserk rage {unknown}
 t - 2 potions of agility {@q5 !q}
 v - a potion of resistance {unknown}
 w - a potion of cancellation {unknown}
 x - a potion of lignification {unknown}
 z - a potion of heal wounds {unknown}
 B - a potion of mutation {unknown}
 E - 2 potions of might {unknown}
Comestibles
 e - 10 rations {!d}


   Skills:
 - Level 5.2 Fighting
 - Level 1.5 Maces & Flails
 - Level 5.5 Dodging
 - Level 1.5 Stealth
 - Level 5.3 Spellcasting
 - Level 10.0 Conjurations
 + Level 6.2 Transmutations


You had 7 spell levels left.
You knew the following spells:

 Your Spells              Type           Power        Failure   Level  Hunger
a - Magic Dart            Conj           ####         3%          1    None
b - Searing Ray           Conj           ######       3%          2    None
c - Iskenderun's Mystic   Conj           ######..     4%          3    ##.....
d - Irradiate             Conj/Tmut      ######....   30%         5    #####..

Your spell library contained the following spells:

 Spells                   Type           Power        Failure   Level  Hunger
 Fulminant Prism          Conj/Hex       #####.....   36%         4    ####...


Dungeon Overview and Level Annotations

Branches:
Dungeon (7/12)
 Temple: D:4-7         Lair: D:7-9

Altars:
Ashenzari
Elyvilon
Lugonu
Makhleb
Qazlal
Ru
Trog
Uskayaw

Shops:
D:5 !%?((

Annotations:
D:6 exclusion: ugly thing


Innate Abilities, Weirdness & Mutations

You never pass out after going berserk.
You often lose your temper in combat.
You can translocate small distances at will.
Scrolls take you longer to read.
Your spells are much harder to cast, but much more powerful.
You expend magic power (3 MP) to strengthen your wands.
Your body floats in the air.


Message History

The ogre barely misses you.
The orc shouts!
You eat one of the 11 rations {!d}.
That ration really hit the spot!
The ogre hits you with a +0 giant club.
You see here a jackal corpse.
You hear some strange, mumbled words.
An orc and a zombie come into view.
The orc shouts!
A worker ant comes into view.
You hit the worker ant. You freeze the worker ant.
The worker ant is moderately wounded.
The worker ant closely misses you. The worker ant bites you.
You are poisoned.
The worker ant poisons you!
You feel sick.
The orc wizard mumbles some strange words.
The orc wizard flickers and vanishes!
The worker ant bites you.
You feel sick.
You feel sick. The worker ant closely misses you.
You feel sick.
You feel sick.
You feel sick. The worker ant bites you.
You feel sick.
The worker ant bites you but does no damage.
You feel sick.
The orc throws a tomahawk.
The tomahawk barely misses you.
You feel sick. The orc misses you. The worker ant closely misses you.
You barely miss the orc. The orc hits you with a +0 flail.
The worker ant bites you but does no damage.
Casting: Magic Dart (safe; 3% risk of failure)
Confirm with . or Enter, or press ? or * to list all spells.
The spell is very dangerous to cast (32% risk of failure)!
Continue anyway?
You miscast Irradiate.
You are very lightly contaminated with residual magic.
A wave of violent energy washes through your body!
* * * LOW HITPOINT WARNING * * *
The worker ant bites you.
* * * LOW HITPOINT WARNING * * *
The orc hits you with a +0 flail.
* * * LOW HITPOINT WARNING * * *
Casting: Irradiate (very dangerous; 32% risk of failure)
Confirm with . or Enter, or press ? or * to list all spells.
Aiming: Iskenderun's Mystic Blast (safe; 4% risk of failure)
Press: ? - help, Shift-Dir - straight line, f - worker ant
Aim: a worker ant (moderately wounded)
The orb of energy misses the worker ant.
You feel sick. The worker ant misses you.
You hit the orc. You freeze the orc.
The orc is heavily wounded.
The worker ant bites you.
* * * LOW HITPOINT WARNING * * *
You are more poisoned.
The worker ant poisons you! The orc completely misses you.
You hear some strange, mumbled words.
The ogre shouts!
Casting: Iskenderun's Mystic Blast (safe; 4% risk of failure)
Confirm with . or Enter, or press ? or * to list all spells.
Aiming: Iskenderun's Mystic Blast (safe; 4% risk of failure)
Press: ? - help, Shift-Dir - straight line, f/p - worker ant
Aim: a worker ant (moderately wounded)
The orb of energy hits the worker ant.
You kill the worker ant!
The orb of energy explodes!
The orc barely misses you.
You hit the orc. You freeze the orc.
The orc is severely wounded.
You feel sick. Something barely misses you. The orc barely misses you.
You closely miss the orc.
The orc is severely wounded.
Something hits you but does no damage. The orc barely misses you.
Casting: Iskenderun's Mystic Blast (safe; 4% risk of failure)
Confirm with . or Enter, or press ? or * to list all spells.
Aiming: Iskenderun's Mystic Blast (safe; 4% risk of failure)
Press: ? - help, Shift-Dir - straight line, f - orc
Aim: an orc, wielding a +0 flail (severely wounded)
The orb of energy hits the orc.
You kill the orc!
The orb of energy explodes!
You feel sick. Something barely misses you.
You hear some strange, mumbled words.
A puff of frost appears from out of thin air!
The puff of frost misses you.
Items here: ( )) † a +0 flail; a +0 hunting sling; 85 tomahawks; an orc corpse You feel sick.
Something hits you but does no damage.
You feel sick. Something hits you.
* * * LOW HITPOINT WARNING * * *
Something hits you but does no damage.
* * * LOW HITPOINT WARNING * * *
You feel sick.
Casting: Iskenderun's Mystic Blast (safe; 4% risk of failure)
Confirm with . or Enter, or press ? or * to list all spells.
Aiming: Iskenderun's Mystic Blast (safe; 4% risk of failure)
Press: ? - help, Shift-Dir - straight line, f - ogre
Aim: an ogre, wielding a +0 giant club The orb of energy hits something.
You hear some strange, mumbled words.
A puff of flame appears from out of thin air!
The puff of flame hits you!
You die...

.........######
########o#
########.###
#.Z.OO.)...#
##.######.#.#
###...### #O#.#
######.......# #.#
# #
#......#...#.###.#
#
#.#######.##.@{O.#
# #.# #.######## #
#.# #.# ####.# #.#
.....# #.. ######


You could see an ogre.

Vanquished Creatures
  A two-headed ogre (D:6)
  2 centaur skeletons
  A hornet (D:5)
  Grinder (D:3)
  A phantom (D:4)
  A sky beast (D:4)
  An ogre (D:6)
  2 centaurs
  A bullfrog (D:6)
  A wyvern zombie (D:6)
  A scorpion (D:4)
  A howler monkey (D:4)
  A centaur zombie (D:5)
  4 crimson imps (D:5)
  A quasit (D:5)
  A bullfrog zombie (D:7)
  A jelly (D:6)
  Crazy Yiuf (D:2)
  An orc priest (D:7)
  3 orc wizards
  3 worker ants
  An iguana (D:6)
  A hound zombie (D:5)
  A hound skeleton (D:7)
  4 gnolls
  6 adders
  2 shadow imps
  An ooze (D:3)
  An adder zombie (D:5)
  An adder skeleton (D:7)
  A worm (D:5)
  A dart slug (D:1)
  2 leopard geckos
  30 orcs
  A ball python (D:1)
  4 giant cockroaches
  10 goblins
  6 hobgoblins
  14 jackals
  2 quokkas
  6 bats
  6 frilled lizards
  A jackal skeleton (D:6)
  7 kobolds
  A quokka skeleton (D:5)
  A quokka zombie (D:6)
  4 rats
145 creatures vanquished.

Notes
Turn   | Place    | Note
-------+----------+-------------------------------------------
     0 | D:1      | MisterOstroum the Djinni Conjurer began the quest for the
                  | Orb.
     0 | D:1      | Reached XP level 1. HP: 14/14 MP: 4/4
   415 | D:1      | Reached XP level 2. HP: 20/20 MP: 3/6
   563 | D:1      | Reached skill level 5 in Conjurations
   847 | D:1      | Reached skill level 1 in Fighting
   851 | D:1      | Learned a level 2 spell: Searing Ray
  1050 | D:2      | Reached XP level 3. HP: 28/28 MP: 4/7
  1759 | D:2      | Found a runed door.
  1889 | D:2      | Learned a level 3 spell: Iskenderun's Mystic Blast
  1889 | D:2      | Noticed Crazy Yiuf
  1895 | D:2      | Killed Crazy Yiuf
  1895 | D:2      | Gained mutation: Your spells are harder to cast, but more
                  | powerful. [Djinni growth]
  1895 | D:2      | Gained mutation: You can translocate small distances at
                  | will. [Djinni growth]
  1895 | D:2      | Reached XP level 4. HP: 16/37 MP: 3/9
  2458 | D:3      | Reached XP level 5. HP: 45/45 MP: 0/11
  2622 | D:3      | Noticed Grinder
  2649 | D:3      | Killed Grinder
  2649 | D:3      | Reached skill level 5 in Fighting
  2649 | D:3      | Reached skill level 5 in Spellcasting
  2649 | D:3      | Reached XP level 6. HP: 36/56 MP: 1/14
  2814 | D:3      | Reached skill level 1 in Maces & Flails
  2993 | D:3      | Found a hide-covered altar of Uskayaw.
  2993 | D:3      | Noticed a -2 hand axe
  2993 | D:3      | Noticed a +0 dagger
  3087 | D:3      | Found a sacrificial altar of Ru.
  3605 | D:4      | Found a bloodstained altar of Trog.
  3705 | D:4      | Reached skill level 6 in Conjurations
  3705 | D:4      | Reached XP level 7. HP: 56/61 MP: 1/15
  4133 | D:4      | Reached skill level 7 in Conjurations
  4260 | D:4      | Found a white marble altar of Elyvilon.
  4888 | D:5      | Entered Level 5 of the Dungeon
  4930 | D:5      | Found Tike's Food Shoppe.
  4937 | D:5      | Found a stormy altar of Qazlal.
  4947 | D:5      | Found a shattered altar of Ashenzari.
  4972 | D:5      | Found Beudgh's Weapon Shop.
  5158 | D:5      | Noticed a hornet
  5271 | D:5      | Killed a hornet
  5271 | D:5      | Reached skill level 8 in Conjurations
  5271 | D:5      | Gained mutation: Your spells are much harder to cast, but
                  | much more powerful. [Djinni growth]
  5271 | D:5      | Reached XP level 8. HP: 68/68 MP: 1/16
  5432 | D:5      | Found Biezxy's Antique Weapon Shop.
  5444 | D:5      | Reached skill level 9 in Conjurations
  5485 | D:5      | Found Pitwol's Magic Scroll Emporium.
  5496 | D:5      | Bought a scroll of teleportation for 36 gold pieces
  5496 | D:5      | Bought a scroll of remove curse for 36 gold pieces
  5706 | D:5      | Found Zunuez's Distillery.
  5711 | D:5      | Bought a potion of degeneration for 15 gold pieces
  5749 | D:5      | Found a burning altar of Makhleb.
  6226 | D:5      | Reached skill level 10 in Conjurations
  6296 | D:6      | Found a corrupted altar of Lugonu.
  6394 | D:6      | Learned a level 5 spell: Irradiate
  6437 | D:6      | Noticed a cyan ugly thing
  6469 | D:6      | Noticed a two-headed ogre
  6473 | D:6      | Killed a two-headed ogre
  6473 | D:6      | Reached skill level 5 in Dodging
  6473 | D:6      | Reached XP level 9. HP: 74/74 MP: 7/17
  6889 | D:6      | Reached skill level 5 in Transmutations
  7751 | D:7      | HP: 1/74 [something (6)]
  7755 | D:7      | Killed from afar by an orc wizard

Skill      XL: |  1  2  3  4  5  6  7  8  9 |
---------------+----------------------------+-----
Conjurations   | 5 6 8 10 | 10.0
Fighting       | 1 2 3 5 |  5.2
Spellcasting   | 4 5 |  5.3
Maces & Flails | 1 |  1.5
Dodging        | 5 |  5.5
Transmutations | 3 6 |  6.2
Stealth        | |  1.5

Action                   |  1- 3 |  4- 6 |  7- 9 || total
-------------------------+-------+-------+-------++-------
Melee: Unarmed           |     3 |       |       ||     3
       Whip              |     8 |    42 |    77 ||   127
       Short sword       |     3 |       |       ||     3
Throw: Stone             |     9 |     2 |     6 ||    17
 Cast: Magic Dart        |    61 |    88 |   116 ||   265
       Searing Ray       |     1 |     1 |     1 ||     3
       Iskenderun's Myst |       |     8 |    45 ||    53
  Eat: Chunk             |     3 |     6 |     9 ||    18
       Ration            |       |       |     2 ||     2
Armor: Robe              |     9 |    10 |    37 ||    56
Dodge: Dodged            |    11 |    21 |    89 ||   121
